 Dungeon Crawl Stone Soup version 0.28.0 (webtiles) character file.

Game seed: 14208425097283142626

184 FallenOne the Chopper (level 5, 0/32 HPs)
             Began as a Gargoyle Berserker on Feb 15, 2022.
             Was a Priest of Trog.
             Slain by a gnoll (4 damage)
             ... on level 4 of the Dungeon.
             The game lasted 00:08:49 (4054 turns).

FallenOne the Chopper (Gargoyle Berserker)          Turns: 4054, Time: 00:08:49

Health: 0/32       AC: 16    Str: 23    XL:     5   Next: 63%
Magic:  5/5        EV:  6    Int:  7    God:    Trog [***...]
Gold:   113        SH:  0    Dex:  9    Spells: 4/4 levels left

rFire   . . .      SeeInvis .   a - +3 war axe
rCold   . . .      Faith    .   (no shield)
rNeg    + . .      Spirit   .   s - +0 plate armour
rPois   ∞          Reflect  .   f - +0 helmet
rElec   +          Harm     .   (no cloak)
rCorr   .          Rampage  .   (no gloves)
Will    +....                   (no boots)
Stlth   ..........              (no amulet)
HPRegen 0.10/turn               e - ring of willpower
MPRegen 0.09/turn               (no ring)

@: no status effects
A: sickness immunity, AC +4, negative energy resistance 1, electricity
resistance, torment resistance 1, petrification resistance
a: Renounce Religion, Berserk, Trog's Hand


You were on level 4 of the Dungeon.
You worshipped Trog.
Trog was most pleased with you.
You visited 1 branch of the dungeon, and saw 4 of its levels.

You collected 113 gold pieces.

Inventory:

Hand Weapons
 a - a +3 war axe (weapon)
Armour
 f - a +0 helmet (worn)
 s - a +0 plate armour (worn)
Jewellery
 e - a ring of willpower (left hand)
Wands
 p - a wand of flame (16)
Scrolls
 g - a scroll of identify {unknown}
 i - a scroll of blinking {unknown}
 l - a scroll of teleportation {unknown}
 m - a scroll of fog {unknown}
 o - 2 scrolls of brand weapon {unknown}
 t - a scroll of enchant weapon {unknown}
Potions
 b - 2 potions of invisibility {unknown}
 c - a potion of ambrosia {unknown}
 h - a potion of haste
 j - 2 potions of mutation {unknown}
 k - a potion of heal wounds {unknown}
 n - a potion of lignification {unknown}
 q - a potion of curing {unknown}
 r - 3 potions of flight {unknown}
 u - 2 potions of attraction {unknown}


   Skills:
 - Level 3.2 Fighting
 * Level 5.2 Axes
 + Level 3.0 Armour
 - Level 1.5 Dodging


You had 4 spell levels left.
You didn't know any spells.
Your spell library was empty.

Dungeon Overview and Level Annotations

Branches:
Dungeon (4/15)
 Temple: D:4-7

Altars:
Gozag
Hepliaklqana
Okawaru
Sif Muna

Shops:
D:1 =


Innate Abilities, Weirdness & Mutations

You are immune to sickness and miasma.
Your stone body is resilient. (AC +4)
You are immune to poison.
You resist negative energy. (rN+)
You are resistant to electric shocks. (rElec)
You are resistant to unholy torment.
You are immune to petrification.


Message History

a - a +3 war axe (weapon);
u - 2 murky cyan potions A gnoll comes into view.
It is wielding a +0 club.
The gnoll shouts!
A gnoll comes into view. It is wielding a +0 spear.
You see here a scroll labelled HUOPETYQUR.
o - 2 scrolls labelled HUOPETYQUR (gained 1)
The gnoll shouts!
A gnoll comes into view. It is wielding a +0 halberd.
A gnoll comes into view. It is wielding a +0 whip.
You hit the gnoll.
The gnoll is heavily wounded.
The gnoll hits you but does no damage.
The gnoll hits you from afar with a +0 spear.
The gnoll hits you but does no damage.
You slash the gnoll!
You kill the gnoll!
Trog accepts your kill. The gnoll barely misses you.
The gnoll hits you from afar with a +0 spear.
The gnoll hits you but does no damage. The gnoll completely misses you.
Things that are here:
a +0 club; a gnoll corpse You barely miss the gnoll.
The gnoll hits you from afar with a +0 halberd!
The gnoll hits you with a +0 spear. The gnoll hits you but does no damage.
You slice the gnoll!!
You kill the gnoll!
Trog accepts your kill.
The gnoll hits you from afar with a +0 halberd!
* * * LOW HITPOINT WARNING * * *
The gnoll completely misses you.
Things that are here:
a +0 spear; a gnoll corpse You hit the gnoll.
The gnoll is lightly wounded.
The gnoll hits you but does no damage.
You hit the gnoll.
The gnoll is heavily wounded.
The gnoll hits you with a +0 halberd.
You die...

... # #.# #. #.#
###.###<## ......[..#
.........# .......).#
##.##....############
# ##.#.......)@gg.#
#.############....#
#. ... #. # ##


You could see 2 gnolls.

Vanquished Creatures
  Terence (D:3)
  Robin (D:3)
  5 gnolls
  2 adders
  An adder skeleton (D:2)
  5 dart slugs
  5 endoplasms
  3 giant cockroaches
  11 goblins
  7 hobgoblins
  3 jackals (D:1)
  2 quokkas
  4 ball pythons
  5 bats
  5 frilled lizards
  7 kobolds
  5 rats
72 creatures vanquished.

Notes
Turn   | Place    | Note
-------+----------+-------------------------------------------
     0 | D:1      | FallenOne the Gargoyle Berserker began the quest for the
                  | Orb.
     0 | D:1      | Reached XP level 1. HP: 14/14 MP: 1/1
   109 | D:1      | You fall into a shaft and drop 1 floor!
   370 | D:2      | Reached skill level 3 in Axes
   370 | D:2      | Reached XP level 2. HP: 12/19 MP: 2/2
   631 | D:1      | Found Owiaj's Jewellery Shoppe.
   704 | D:1      | Reached XP level 3. HP: 23/23 MP: 3/3
   731 | D:1      | Reached ** piety under Trog
  1339 | D:2      | Found a shimmering blue altar of Sif Muna.
  1524 | D:2      | Reached skill level 4 in Axes
  1930 | D:2      | Reached XP level 4. HP: 26/28 MP: 4/4
  1985 | D:2      | Found an iron altar of Okawaru.
  2543 | D:3      | Found an opulent altar of Gozag.
  2609 | D:3      | Noticed Robin
  3124 | D:3      | Noticed Terence
  3132 | D:3      | Killed Terence
  3133 | D:3      | Reached XP level 5. HP: 27/32 MP: 5/5
  3286 | D:3      | Reached skill level 5 in Axes
  3442 | D:3      | Found a hazy altar of Hepliaklqana.
  3787 | D:3      | Killed Robin
  3817 | D:3      | Reached *** piety under Trog
  3886 | D:3      | Found a faded altar of an unknown god.
  4054 | D:4      | Slain by a gnoll

Illustrated notes

Levels and vault maps discovered:
D:1:      shiori_shiawase, layout_loops_ring, serial_shops, nicolae_shop_stone
D:2:      layout_basic, basic_altar, kennysheep_flooded_box, minmay_between
D:3:      layout_loops_corners, grunt_gozag_breadcrumbs,
          nzn_hepliaklqana_mist_gate, hellmonk_ecumenical_altar_inner_sanctum,
          uniq_robin, uniq_terence
D:4:      layout_loops_ring, zin_angel, roderic_lattice_a,
          chequers_serial_rivers_micro_b

Skill      XL: |  1  2  3  4  5 |
---------------+----------------+-----
Axes           | 3 4 5 |  5.2
Armour         | 3 |  3.0
Fighting       | |  3.2
Dodging        | |  1.5

Action                   |  1- 3 |  4- 6 || total
-------------------------+-------+-------++-------
Melee: War axe           |   124 |   110 ||   234
       Hand axe          |     3 |       ||     3
       Punch             |       |     1 ||     1
Armor: Animal skin       |    10 |       ||    10
       Ring mail         |    76 |    42 ||   118
       Plate armour      |       |    30 ||    30
Dodge: Dodged            |    89 |    50 ||   139
